 Dungeon Crawl Stone Soup version 0.21.1-1-g345015f (webtiles) character file.

193 Alarkh the Grave Robber (level 5, 0/35 HPs)
             Began as a Demonspawn Necromancer on Feb 6, 2018.
             Slain by Grinder (4 damage)
             ... while paralysed by Grinder
             ... on level 3 of the Dungeon.
             The game lasted 00:06:45 (4136 turns).

Alarkh the Grave Robber (Demonspawn Necromancer)    Turns: 4136, Time: 00:06:45

Health: 0/35       AC:  3    Str:  8    XL:     5   Next: 43%
Magic:  20/20      EV:  2    Int: 18    God:
Gold:   104        SH:  0    Dex: 13    Spells: 1/12 levels left

rFire    . . .     SeeInvis .   m - +2 hand axe (chop)
rCold    . . .     Gourm    .   (no shield)
rNeg     . . .     Faith    .   a - +0 robe
rPois    .         Spirit   .   (no helmet)
rElec    .         Reflect  .   (no cloak)
rCorr    .         Harm     .   p - +0 pair of gloves
MR       .....                  (no boots)
Stlth    +++.......             h - amulet of magic regeneration
HPRegen  0.11/turn              i - ring of magical power
MPRegen  0.42/turn              o - ring of stealth

@: paralysed, very slightly contaminated
A: hooves 1, powered by pain 1
a: no special abilities


You were on level 3 of the Dungeon.
You were hungry.

You visited 1 branch of the dungeon, and saw 3 of its levels.

You collected 104 gold pieces.

Inventory:

Hand Weapons
 m - a +2 hand axe of chopping (weapon)
Armour
 a - a +0 robe (worn)
 p - a +0 pair of gloves (worn)
Jewellery
 h - an amulet of magic regeneration (around neck)
 i - a ring of magical power (left hand)
 o - a ring of stealth (right hand)
Scrolls
 d - 4 scrolls of teleportation
 e - a scroll of identify
 g - 2 scrolls of remove curse
 j - 2 scrolls of enchant weapon {unknown}
 l - 2 scrolls of noise {unknown}
 n - 2 scrolls of enchant armour {unknown}
 q - a scroll of fog {unknown}
Potions
 f - a potion of heal wounds
 r - 2 potions of haste
 t - a potion of flight
Books
 b - a book of Necromancy

   Spells                             Type                      Level
   a - Pain                           Necromancy                   1
   b - Animate Skeleton               Necromancy                   1
   c - Vampiric Draining              Necromancy                   3
   d - Regeneration                   Charms/Necromancy            3
   e - Animate Dead                   Necromancy                   4
   f - Borgnjor's Vile Clutch         Necromancy/Earth             5
 k - a book of Minor Magic

   Spells                             Type                      Level
   a - Magic Dart                     Conjuration                  1
   b - Blink                          Translocation                2
   c - Call Imp                       Summoning                    2
   d - Slow                           Hexes                        2
   e - Conjure Flame                  Conjuration/Fire             3
   f - Mephitic Cloud                 Conjuration/Poison/Air       3
Comestibles
 c - 6 rations


   Skills:
 - Level 1.7 Dodging
 - Level 1.7 Stealth
 + Level 4.0 Spellcasting
 + Level 0.0 Conjurations
 + Level 6.1 Necromancy


You had one spell level left.
You knew the following spells:

 Your Spells              Type           Power        Failure   Level  Hunger
a - Vampiric Draining     Necr           ####......   3%          3    ###....
b - Pain                  Necr           ####         1%          1    None
c - Regeneration          Chrm/Necr      ##........   13%         3    ###....
d - Conjure Flame         Conj/Fire      #.......     41%         3    ###....
e - Magic Dart            Conj           #...         14%         1    None


Dungeon Overview and Level Annotations

Branches:
Dungeon (3/15)

Altars:

Annotations:
D:3 Grinder


Innate Abilities, Weirdness & Mutations

You have large cloven feet.
You sometimes gain a little power by taking damage.


Message History

Grinder gestures at you. Pain shoots through your body!
Grinder gestures at you. Pain shoots through your body!
Grinder barely misses you. Grinder hits you.
You writhe in agony.
You can move again.
You see here a stone.
Grinder gestures at you.
You suddenly lose the ability to move!
Grinder hits you but does no damage.
Grinder says, "My boss said I was rubbish.
His entrails said otherwise."
Grinder hits you!
* * * LOW HITPOINT WARNING * * *
You writhe in agony.
* * * LOW HITPOINT WARNING * * *
Grinder hits you.
* * * LOW HITPOINT WARNING * * *
You writhe in agony.
You die...

....#.####...# #........
.##.#.####..## #.####.#.
.##.#.......### # #.#.
.##.#####..)..# ###.
.##.#####.#.#(## #.# #.
.##............##### #?# #.
...#####..#.#(.##..# #.# #.
...##..........##<.# #.# #.
.......#.##(...5@..# #.# #.
...###.#####.#.##..# #.# #.
#..###.......#.##..#############.
##...#########...................
###...........).................
#########.J...................
#......#.##.#.################
#...........#.# #.#
#..#.#.#.#..#.# #.#


You could see Grinder.

Vanquished Creatures
  A scorpion (D:3)
  A hound (D:3)
  2 gnolls (D:2)
  4 adders (D:2)
  An ooze (D:1)
  A worm (D:2)
  A dart slug (D:1)
  3 leopard geckos
  3 bats (D:1)
  5 giant cockroaches
  4 goblins
  6 hobgoblins
  5 jackals
  A quokka (D:3)
  2 ball pythons
  3 frilled lizards
  4 kobolds
  3 rats
50 creatures vanquished.

Notes
Turn   | Place    | Note
-------+----------+-------------------------------------------
     0 | D:1      | Alarkh the Demonspawn Necromancer began the quest for the Orb.
     0 | D:1      | Reached XP level 1. HP: 13/13 MP: 3/3
   390 | D:1      | Gained mutation: You sometimes gain a little power by taking damage. [demonic ancestry]
   390 | D:1      | Reached XP level 2. HP: 14/19 MP: 0/5
  1182 | D:1      | Reached skill level 5 in Necromancy
  1182 | D:1      | Gained mutation: You have large cloven feet. [demonic ancestry]
  1182 | D:1      | Reached XP level 3. HP: 24/24 MP: 7/7
  2006 | D:2      | Learned a level 3 spell: Vampiric Draining
  2010 | D:2      | Learned a level 3 spell: Regeneration
  2421 | D:2      | Reached XP level 4. HP: 17/30 MP: 8/8
  3529 | D:3      | Reached XP level 5. HP: 30/35 MP: 10/10
  3883 | D:3      | Reached skill level 6 in Necromancy
  3979 | D:3      | Noticed Grinder
  3981 | D:3      | Paralysed by Grinder for 4 turns
  4008 | D:2      | Learned a level 3 spell: Conjure Flame
  4010 | D:2      | Learned a level 1 spell: Magic Dart
  4125 | D:3      | Paralysed by Grinder for 6 turns
  4132 | D:3      | Paralysed by Grinder for 6 turns
  4136 | D:3      | Slain by Grinder

Skill      XL: |  1  2  3  4  5 |
---------------+----------------+-----
Necromancy     | 5 6 |  6.1
Spellcasting   | 3 4 |  4.0
Dodging        | |  1.7
Stealth        | |  1.7

Action                   |  1- 3 |  4- 6 || total
-------------------------+-------+-------++-------
Melee: Unarmed           |     8 |       ||     8
       Hand axe          |       |    17 ||    17
       Kick              |       |     2 ||     2
 Cast: Pain              |    70 |    35 ||   105
       Vampiric Draining |       |     3 ||     3
  Use: Scroll            |     2 |     4 ||     6
       Potion            |     2 |     2 ||     4
 Stab: Sleeping          |       |     1 ||     1
  Eat: Chunk             |     5 |     5 ||    10
Armor: Robe              |     6 |     4 ||    10
Dodge: Dodged            |    29 |    19 ||    48
